 Dungeon Crawl Stone Soup version 0.29.0-15-g675c0067aa (webtiles) character file.

Game seed: 9817872787606448757

148 qw the Sneak (level 5, -2/32 HPs)
             Began as a Gargoyle Delver on Sept 11, 2022.
             Slain by a gnoll
             ... wielding a +0 spear
              (6 damage)
             ... on level 4 of the Dungeon.
             The game lasted 00:00:17 (993 turns).

qw the Sneak (Gargoyle Delver)                       Turns: 993, Time: 00:00:18

Health: -2/32      AC: 15    Str: 17    XL:     5   Next: 30%
Magic:  5/5        EV:  9    Int: 11    God:
Gold:   27         SH:  0    Dex: 11    Spells: 4/4 levels left

rFire   . . .      SeeInvis .   a - +0 hand axe
rCold   . . .      Faith    .   (no shield)
rNeg    + . .      Spirit   .   i - +0 plate armour
rPois   inf        Reflect  .   (no helmet)
rElec   +          Harm     .   (no cloak)
rCorr   .          Rampage  .   (no gloves)
Will    .....                   (no boots)
Stlth   ..........              (no amulet)
HPRegen 0.10/turn               c - +4 ring of evasion
MPRegen 0.09/turn               (no ring)

@: no status effects
A: sickness immunity, AC +4, negative energy resistance 1, electricity
resistance, torment resistance 1, petrification resistance
a: no special abilities


You were on level 4 of the Dungeon.
You visited 1 branch of the dungeon, and saw 2 of its levels.

You collected 27 gold pieces.


Innate Abilities, Weirdness & Mutations

You are immune to sickness and miasma.
Your stone body is resilient. (AC +4)
You are immune to poison.
You resist negative energy. (rN+)
You are resistant to electric shocks. (rElec)
You are resistant to unholy torment.
You are immune to petrification.


   Skills:
 - Level 3.2 Fighting
 + Level 3.7 Axes
 - Level 3.4 Armour
 - Level 1.5 Dodging
 - Level 5.4 Stealth


You had 4 spell levels left.
You didn't know any spells.
Your spell library was empty.

Inventory:

Hand Weapons
 a - a +0 hand axe (weapon)
 b - a +0 mace
Armour
 i - a +0 plate armour (worn)
Jewellery
 c - a +4 ring of evasion (left hand)
Wands
 g - a wand of digging (3)
Potions
 f - a potion of haste
 h - a potion of resistance {unknown}
 j - a potion of lignification {unknown}

Dungeon Overview and Level Annotations

Branches:
Dungeon (5/15)             Temple (0/1) D:4

Altars:
Qazlal


Message History

982 ||| Stepping ~*~*~tactically~*~*~ (hiding).
You start waiting.
A gnoll is nearby!
A gnoll comes into view. It is wielding a +0 halberd.
The gnoll barely misses you.
Found 5 gold pieces.
Found a stone staircase leading down.
The gnoll hits you with a +0 halberd! The gnoll closely misses you.
You barely miss the gnoll. You hit the gnoll.
The gnoll hits you but does no damage. The gnoll hits you with a +0 spear.
You barely miss the gnoll.
The gnoll is lightly wounded.
You hit the gnoll but do no damage. The gnoll barely misses you.
The gnoll closely misses you.
You hit the gnoll.
The gnoll is heavily wounded.
You hit the gnoll but do no damage. The gnoll hits you but does no damage.
The gnoll closely misses you. The gnoll hits you but does no damage.
You barely miss the gnoll.
The gnoll is heavily wounded.
The gnoll shouts!
You hit the gnoll but do no damage. The gnoll hits you with a +0 halberd.
The gnoll hits you but does no damage. x2
You hit the gnoll.
The gnoll is severely wounded.
You hit the gnoll. The gnoll hits you with a +0 halberd.
The gnoll hits you but does no damage. The gnoll closely misses you.
The gnoll hits you but does no damage. x2
The gnoll hits you with a +0 spear.
You closely miss the gnoll.
The gnoll is severely wounded.
You hit the gnoll. The gnoll hits you but does no damage.
The gnoll hits you from afar with a +0 halberd.
The gnoll barely misses you.
You barely miss the gnoll.
The gnoll is severely wounded.
You closely miss the gnoll. The gnoll hits you but does no damage.
The gnoll hits you with a +0 spear.
You die...

#...#
.#.##.....%.##.##
#...#
.#....##..#......
#>..# #
...#.....#.##.#.
#...# #.
#.#.##.........
....#
#..#......##.#....#
.....#
.....##.>....#. # #
......
.##......##....
......#
#....#.##....##.
......# ..##
#@...##... #######
#.....gg#.....#
#$##.##g#..##.# ...
g..... #.. ...g.#.
#.# .... #. #.... .
#.>.#


You could see 4 gnolls.

Vanquished Creatures
  A necrophage (D:4)
  A scorpion (D:4)
  2 adders
  An endoplasm (D:4)
  2 jackals (D:5)
7 creatures vanquished.

Notes
Turn   | Place    | Note
-------+----------+-------------------------------------------
     0 | D:5      | qw the Gargoyle Delver began the quest for the Orb.
     0 | D:5      | Reached XP level 1. HP: 14/14 MP: 1/1
     0 | D:5      | 0 ||| qw: Version: 0.1-a-118-gb4e7ce6
     0 | D:5      | 0 ||| qw: Game counter: 10533
     0 | D:5      | 0 ||| qw: Always use a shield: true
     0 | D:5      | 0 ||| qw: God list: Okawaru
     0 | D:5      | 0 ||| qw: Allow faded altars: false
     0 | D:5      | 0 ||| qw: Do Orc after D:15 true
     0 | D:5      | 0 ||| qw: Do second Lair branch before Depths: true
     0 | D:5      | 0 ||| qw: Lair rune preference: random
     0 | D:5      | 0 ||| qw: Plans: Normal
     0 | D:5      | 0 ||| PLANNING D:1-11
   209 | D:5      | Found a stormy altar of Qazlal.
   277 | D:5      | Reached XP level 2. HP: 8/19 MP: 2/2
   476 | D:5      | 476 ||| UPGRADING to +0 plate armour.
   486 | D:5      | 486 ||| DROPPING +0 leather armour.
   487 | D:5      | 487 ||| DROPPING scroll of fog.
   488 | D:5      | 488 ||| DROPPING scroll of magic mapping.
   489 | D:5      | 489 ||| DROPPING scroll of fear.
   500 | D:4      | Noticed a necrophage
   530 | D:4      | Killed a necrophage
   531 | D:4      | Reached skill level 3 in Armour
   531 | D:4      | Reached XP level 3. HP: 9/23 MP: 3/3
   531 | D:4      | Reached XP level 4. HP: 11/28 MP: 4/4
   771 | D:4      | Found a staircase to the Ecumenical Temple.
   772 | D:4      | 772 ||| PLANNING TEMPLE
   772 | D:4      | 772 ||| UPGRADING to +4 ring of evasion.
   773 | D:4      | Noticed a scorpion
   804 | D:4      | Killed a scorpion
   805 | D:4      | Reached skill level 3 in Axes
   805 | D:4      | Reached XP level 5. HP: 14/32 MP: 5/5
   982 | D:4      | 982 ||| Stepping ~*~*~tactically~*~*~ (hiding).
   991 | D:4      | HP: 7/32 [gnoll/+0 spear (2)]
   993 | D:4      | Slain by a gnoll

Levels and vault maps discovered:
D:4:      layout_basic, minmay_temple_entry_ruins
D:5:      layout_gridville, mainiacjoe_overflow_catwalk, uniq_grinder,
          uniq_menkaure

Skill      XL: |  1  2  3  4 |
---------------+-------------+-----
Axes           | 2 3 |  3.7
Armour         | 3 |  3.4
Fighting       | |  3.2
Dodging        | |  1.5
Stealth        | |  5.4

Action                   |  1- 3 |  4- 6 || total
-------------------------+-------+-------++-------
Melee: Hand axe          |    45 |    49 ||    94
 Stab: Sleeping          |     1 |       ||     1
Armor: Leather armour    |    17 |       ||    17
       Plate armour      |    19 |    45 ||    64
Dodge: Dodged            |    22 |    22 ||    44

Table legend:
 A = Non-vault XP
 B = Vault XP
 C = Vault XP percentage of total XP
 D = Non-vault monster count
 E = Vault monster count
 F = Vault count percentage of total count
                 A         B        C        D         E       F
            +---------+---------+-------+---------+---------+-------
      Total |     212 |       0 |   0.0 |       7 |       0 |   0.0
            +---------+---------+-------+---------+---------+-------
        D:4 |     195 |       0 |   0.0 |       4 |       0 |   0.0
        D:5 |      17 |       0 |   0.0 |       3 |       0 |   0.0
            +---------+---------+-------+---------+---------+-------
